AoeStats
← ESPARTANO776678

Lombardia

508082249Analyzed
3v3 RM · 11d ago on Sep 20, 2026· 53m 3s· 6 players
Game mode
Random Map
Map size
Normal (6 player)
Population
200
Speed
Normal
Resources
Standard
Victory
Conquest
Starting age
Dark Age
Ending age
Imperial Age
RankedLock teamsTeams togetherTeam positionsShared explorationLock speedFull tech treeHidden civsTurbo modeCheats
Victory
Defeat
🇩🇪 Huns · Germany
866
+10
🇨🇳 Teutons · China
781
+13
🇬🇧 Mongols · United Kingdom
769
+14
🇲🇽 Vikings · Mexico
895
-51
🇦🇷 Sicilians · Argentina
695
-11
🇦🇷 Bulgarians · Argentina
566
-7
Spooky Bassoon
8:01 Loom
11:20 Feudal Age
11:52 Horse Collar
14:33 Bloodlines
15:22 Forging
15:45 Scale Barding Armor
22:50 Castle Age
22:10 Fletching
22:20 Padded Archer Armor
22:39 Gold Mining
23:43 Bodkin Arrow
24:04 Leather Archer Armor
26:06 Heavy Plow
25:54 Double-Bit Axe
26:16 Husbandry
29:59 Bow Saw
32:12 Ballistics
32:01 Thumb Ring
33:23 Fervor
34:07 Iron Casting
33:34 Light Cavalry
35:56 Chain Barding Armor
41:19 Imperial Age
41:52 Hussar
42:33 Bracer
44:01 Chemistry
43:46 Elite Mangudai
DE 2xN IS
11:41 Feudal Age
17:07 Castle Age
16:10 Horse Collar
16:16 Double-Bit Axe
16:21 Gold Mining
19:37 Husbandry
32:51 Scale Barding Armor
32:57 Forging
33:46 Bow Saw
33:28 Gold Mining
33:40 Stone Mining
33:54 Heavy Plow
35:52 Gold Shaft Mining
42:24 Imperial Age
40:41 Chain Barding Armor
40:56 Iron Casting
40:36 Bloodlines
42:40 Cavalier
44:00 Plate Barding Armor
44:26 Blast Furnace
43:49 Conscription
45:20 Paladin
50:48 Two-Man Saw
50:37 Wheelbarrow
52:07 Hand Cart
34542180
10:11 Feudal Age
8:26 Loom
11:44 Double-Bit Axe
11:42 Horse Collar
18:47 Castle Age
23:01 Gold Mining
23:24 Bow Saw
30:03 Imperial Age
28:26 Wheelbarrow
27:37 Town Watch
29:40 Town Patrol
31:08 Hand Cart
32:27 Cavalier
33:19 Bloodlines
33:24 Forging
33:20 Scale Barding Armor
34:59 Iron Casting
34:19 Paladin
36:51 Conscription
39:50 Blast Furnace
39:11 Chain Barding Armor
38:52 Scale Mail Armor
39:51 Hoardings
39:54 Scale Mail Armor
42:23 Plate Barding Armor
42:06 Chain Mail Armor
49:50 Two-Man Saw
48:52 Heavy Plow
49:32 Plate Mail Armor
49:14 Siege Engineers
50:11 Chemistry
49:24 Masonry
51:47 Elite Teutonic Knight
52:01 Sappers
52:52 Ironclad
52:53 Crenellations
ESPARTANO776678
11:58 Feudal Age
14:19 Double-Bit Axe
14:41 Horse Collar
25:38 Gold Mining
28:53 Castle Age
29:28 Arson
30:45 Scale Barding Armor
30:46 Stone Mining
31:11 Bow Saw
34:15 Squires
36:05 Padded Archer Armor
39:14 Gold Shaft Mining
38:44 Heavy Plow
ale90
5:33 Loom
11:34 Feudal Age
13:34 Double-Bit Axe
16:20 Scale Mail Armor
16:31 Forging
17:25 Town Watch
18:39 Arson
23:16 Castle Age
21:58 Fletching
22:22 Stone Mining
22:25 Gold Mining
22:29 Horse Collar
23:58 Scale Barding Armor
23:49 Pikeman
24:32 Squires
30:41 Town Patrol
35:21 Bow Saw
39:47 Imperial Age
38:43 Iron Casting
40:32 Wheelbarrow
40:48 Stone Shaft Mining
40:15 Heavy Plow
41:03 Gold Shaft Mining
40:43 Halberdier
41:14 Gambesons
42:28 Chain Mail Armor
43:15 Bagains
44:10 Conscription
44:38 Plate Mail Armor
45:06 Hand Cart
50:30 Stirrups
51:15 Ballistics
50:52 Murder Holes
51:10 Masonry
Birrën
10:19 Loom
12:58 Feudal Age
18:51 Town Watch
22:43 Castle Age
22:56 Double-Bit Axe
22:53 Horse Collar
23:56 Heavy Plow
35:38 Gold Mining
43:52 Scale Mail Armor
44:03 Forging
Connection lost

Rejoining the realm…

Still unreachable

The connection could not be restored.

Session expired

The server has moved on; the page needs a fresh start.